 Dungeon Crawl Stone Soup version 0.19.1 (webtiles) character file.

53 SQman the Firebug (level 3, -4/19 HPs)
             Began as a Deep Elf Fire Elementalist on Dec 11, 2016.
             Was an Initiate of Elyvilon.
             Slain by Blork the orc
             ... wielding a +0 mace
              (10 damage)
             ... on level 4 of the Dungeon.
             The game lasted 00:18:01 (2360 turns).

SQman the Firebug (Deep Elf Fire Elementalist)      Turns: 2360, Time: 00:18:01

Health: -4/19      AC:  3    Str:  5    XL:     3   Next: 64%
Magic:  1/9        EV: 13    Int: 20    God:    Elyvilon [......]
Gold:   186        SH:  0    Dex: 15    Spells: 3 memorised, 2 levels left

rFire  . . .     SeeInvis .     m - +2 dagger (venom)
rCold  . . .     Gourm    .     l - +0 robe
rNeg   . . .     Faith    .     (no shield)
rPois  .         Spirit   .     (no helmet)
rElec  .         Reflect  .     p - +0 cloak
rCorr  .         Harm     .     (no gloves)
MR     .....                    (no boots)
Stlth  ++........               (no amulet)
                                (no ring)
                                (no ring)

@: no status effects
A: no striking features
a: Renounce Religion


You were on level 4 of the Dungeon.
You worshipped Elyvilon.
Elyvilon was noncommittal.
You were not hungry.

You visited 1 branch of the dungeon, and saw 4 of its levels.

You collected 186 gold pieces.

Inventory:

Hand Weapons
 e - a +1 hunting sling
 h - a +0 dagger
 i - a +0 spear
 j - a +0 whip
 m - a +2 dagger of venom (weapon)
 q - a +0 long sword
 t - a +0 quarterstaff
Missiles
 g - 118 stones (quivered)
 r - 21 sling bullets
Armour
 a - a +1 robe
 l - a +0 robe (worn)
 p - a +0 cloak (worn)
Jewellery
 d - a -2 ring of dexterity
Wands
 s - a wand of random effects (11/48)
Scrolls
 o - a scroll of remove curse
Books
 b - a book of Flames

   Spells                             Type                      Level
   a - Flame Tongue                   Conjuration/Fire             1
   b - Throw Flame                    Conjuration/Fire             2
   c - Conjure Flame                  Conjuration/Fire             3
   d - Inner Flame                    Hexes/Fire                   3
   e - Sticky Flame                   Conjuration/Fire             4
   f - Fireball                       Conjuration/Fire             5
 k - a book of Changes

   Spells                             Type                      Level
   a - Beastly Appendage              Transmutation                1
   b - Sticks to Snakes               Transmutation                2
   c - Spider Form                    Transmutation/Poison         3
   d - Ice Form                       Ice/Transmutation            4
   e - Blade Hands                    Transmutation                5
Comestibles
 c - a bread ration
 f - 2 meat rations
 n - a slice of pizza
 u - a chunk of flesh


   Skills:
 + Level 0.2 Fighting
 + Level 0.4 Short Blades
 + Level 1.0 Slings
 + Level 2.6 Dodging
 + Level 3.0 Stealth
 + Level 3.4 Spellcasting
 + Level 1.2 Conjurations
 + Level 4.0 Fire Magic


You had 2 spell levels left.
You knew the following spells:

 Your Spells              Type           Power        Failure   Level  Hunger
a - Flame Tongue          Conj/Fire      ##...        6%          1    None
b - Throw Flame           Conj/Fire      ##....       10%         2    ##.....
c - Inner Flame           Hex/Fire       ##......     21%         3    ###....


Dungeon Overview and Level Annotations

Branches:
Dungeon (4/15)
 Temple: D:4-7

Altars:
Cheibriados
Elyvilon
Fedhas
Okawaru
Zin

Annotations:
D:4 Blork the orc


Message History

Confirm with . or Enter, or press ? or * to list all spells.
Aiming: Flame Tongue
Press: ? - help, Shift-Dir - straight line, f/p - Blork the orc
Aim: Blork the orc, wielding a mace and wearing an embroidered robe (lightly wounded)
The flame tongue hits Blork the orc.
Blork the orc resists.
Blork the orc is lightly wounded.
Blork the orc barely misses you.
Casting: Flame Tongue
Confirm with . or Enter, or press ? or * to list all spells.
Aiming: Flame Tongue
Press: ? - help, Shift-Dir - straight line, f/p - Blork the orc
Aim: Blork the orc, wielding a mace and wearing an embroidered robe (lightly wounded)
The flame tongue hits Blork the orc.
Blork the orc resists.
Blork the orc is moderately wounded.
Blork the orc miscasts a cantrip.
You hit Blork the orc but do no damage.
Blork the orc is poisoned.
Blork the orc is moderately wounded.
Blork the orc hits you with a mace!
Ouch! That really hurt!
You die...

#8..8####.....#
##.....##.....#
..
#............#...
#............#..
#............'..
#............#..
#............####
#........o.......
#........@.......
#################


You could see Blork the orc.

Vanquished Creatures
  An adder skeleton (D:4)
  2 dart slugs (D:1)
  2 giant cockroaches
  5 goblins
  9 hobgoblins
  2 jackals (D:2)
  6 kobolds
  7 bats
  3 frilled lizards
  6 rats
43 creatures vanquished.

Notes
Turn   | Place    | Note
-------+----------+-------------------------------------------
     0 | D:1      | SQman the Deep Elf Fire Elementalist began the quest for the Orb.
     0 | D:1      | Reached XP level 1. HP: 10/10 MP: 6/6
   166 | D:1      | Reached XP level 2. HP: 15/15 MP: 6/8
   173 | D:1      | Learned a level 2 spell: Throw Flame
   718 | D:2      | Reached XP level 3. HP: 19/19 MP: 7/9
   723 | D:2      | Learned a level 3 spell: Inner Flame
   903 | D:2      | Learned a level 1 spell: Beastly Appendage
  1162 | D:2      | Reached skill level 1 in Slings
  2174 | D:4      | Noticed Blork the orc
  2187 | D:4      | Reached skill level 4 in Fire Magic
  2203 | D:4      | Found a white marble altar of Elyvilon.
  2212 | D:4      | Became a worshipper of Elyvilon the Healer
  2299 | D:4      | Found an iron altar of Okawaru.
  2320 | D:4      | Found a blossoming altar of Fedhas.
  2321 | D:4      | Found a snail-covered altar of Cheibriados.
  2324 | D:4      | Found a glowing silver altar of Zin.
  2360 | D:4      | Slain by Blork the orc

Skill      XL: |  1  2  3 |
---------------+----------+-----
Slings         | 1 |  1.0
Stealth        | 3 |  3.0
Fire Magic     | 4 |  4.0
Fighting       | |  0.2
Short Blades   | |  0.4
Dodging        | |  2.6
Spellcasting   | |  3.4
Conjurations   | |  1.2

Action                   || total
-------------------------++-------
Melee: Unarmed           ||     4
       Hunting sling     ||     5
       Dagger            ||    16
 Fire: Hunting sling     ||    28
Throw: Stone             ||     1
 Cast: Flame Tongue      ||    47
       Throw Flame       ||    14
       Inner Flame       ||     2
       Beastly Appendage ||     1
Evoke: Wand              ||     2
  Use: Scroll            ||    10
       Potion            ||     5
  Eat: Chunk             ||     2
       Bread ration      ||     1
Armor: Robe              ||     9
Dodge: Dodged            ||    36
